 Dungeon Crawl Stone Soup version 0.26-a0-708-g17f3b190f9 (webtiles) character file.

Game seed: 8613521047830206653

712 vt the Covered (level 7, 0/61 HPs)
             Began as a Deep Dwarf Fighter on Oct 30, 2020.
             Was an Initiate of Makhleb.
             Slain by a white ugly thing (10 damage)
             ... on level 5 of the Dungeon.
             The game lasted 00:04:17 (1956 turns).

vt the Covered (Deep Dwarf Fighter)                 Turns: 1956, Time: 00:04:18

Health: 0/61       AC:  8    Str: 21    XL:     7   Next: 41%
Magic:  3/3        EV: 10    Int:  9    God:    Makhleb [......]
Gold:   178        SH:  9    Dex: 12    Spells: 6/6 levels left

rFire    . . .     SeeInvis .   a - +0 war axe
rCold    . . .     Faith    .   c - +0 kite shield
rNeg     . . .     Spirit   .   b - +0 scale mail
rPois    .         Reflect  .   (no helmet)
rElec    .         Harm     .   s - +0 cloak (curse)
rCorr    .         Rampage  .   (no gloves)
MR       +....                  (no boots)
Stlth    ..........             (no amulet)
HPRegen  0.00/turn              (no ring)
MPRegen  0.08/turn              (no ring)

@: mighty, non-regenerating
A: damage resistance, heal wounds, sense surroundings 1, no regeneration
a: Heal Wounds, Renounce Religion


You were on level 5 of the Dungeon.
You worshipped Makhleb.
Makhleb was noncommittal.
You visited 2 branches of the dungeon, and saw 6 of its levels.
You also visited: Sewer.

You collected 178 gold pieces.

Inventory:

Hand Weapons
 a - a +0 war axe (weapon)
Armour
 b - a +0 scale mail (worn)
 c - a +0 kite shield (worn)
 s - a cursed +0 cloak (worn)
   (You found it in a sewer)
Wands
 u - a wand of random effects (14)
   (You found it on level 5 of the Dungeon)
Scrolls
 e - 3 scrolls of teleportation {unknown}
 g - a scroll of enchant armour {unknown}
 i - a scroll of amnesia {unknown}
 j - 2 scrolls of magic mapping {unknown}
 k - a scroll of remove curse {unknown}
 l - a scroll of random uselessness {unknown}
 o - 2 scrolls of identify {unknown}
 r - a scroll of fear {unknown}
 t - a scroll of fog {unknown}
Potions
 f - 2 potions of lignification {unknown}
 h - 2 potions of magic {unknown}
 m - 2 potions of heal wounds {unknown}
 n - a potion of ambrosia {unknown}
 p - a potion of mutation {unknown}
 q - 2 potions of degeneration {unknown}


   Skills:
 - Level 2.6 Fighting
 + Level 5.5 Axes
 + Level 6.1 Armour
 + Level 4.9 Dodging
 - Level 3.2 Shields


You had 6 spell levels left.
You didn't know any spells.
Your spell library was empty.

Dungeon Overview and Level Annotations

Branches:
Dungeon (5/15)             Temple (1/1) D:4           Sewer (visited)

Altars:
Ashenzari
Cheibriados
Dithmenos
Elyvilon
Fedhas
Gozag
Hepliaklqana
Kikubaaqudgha
Makhleb
Nemelex Xobeh
Okawaru
Qazlal
Ru
Sif Muna
Trog
Uskayaw
Vehumet
Wu Jian
Xom
Yredelemnul
Zin


Innate Abilities, Weirdness & Mutations

You are resistant to damage.
You can heal yourself by infusing magical energy.
You passively map a small area around you.
You do not regenerate.


Message History

You block the white ugly thing's attack.
You barely miss the white ugly thing.
The white ugly thing is lightly wounded.
You block the white ugly thing's attack.
You hit the white ugly thing but do no damage.
The white ugly thing is lightly wounded.
You block the white ugly thing's attack. x2
You hit the white ugly thing.
The white ugly thing is lightly wounded.
The white ugly thing bites you. The white ugly thing freezes you!!
Ouch! That really hurt!
* * * LOW HITPOINT WARNING * * *
You feel much better. The white ugly thing bites you.
* * * LOW HITPOINT WARNING * * *
The white ugly thing freezes you!
* * * LOW HITPOINT WARNING * * *
Your magical essence is drained by the effort!
You feel much better.
The white ugly thing bites you but does no damage.
You feel much better. The white ugly thing barely misses you.
You slash the white ugly thing!
The white ugly thing is moderately wounded.
The white ugly thing bites you but does no damage.
Your shield and scale mail prevent you from hitting the white ugly thing.
The white ugly thing is moderately wounded.
The white ugly thing bites you. The white ugly thing freezes you!
You feel much better.
The white ugly thing bites you but does no damage.
You barely miss the white ugly thing.
The white ugly thing is moderately wounded.
The white ugly thing bites you but does no damage.
You block the white ugly thing's attack.
You barely miss the white ugly thing.
The white ugly thing is moderately wounded.
The white ugly thing barely misses you.
You closely miss the white ugly thing.
The white ugly thing is moderately wounded.
The white ugly thing bites you but does no damage. x2
You slash the white ugly thing!
The white ugly thing is moderately wounded.
The white ugly thing bites you but does no damage.
You slash the white ugly thing!
The white ugly thing is heavily wounded.
The white ugly thing barely misses you.
You barely miss the white ugly thing.
The white ugly thing is heavily wounded.
You block the white ugly thing's attack.
You closely miss the white ugly thing.
The white ugly thing is heavily wounded.
The white ugly thing bites you. The white ugly thing freezes you!
The white ugly thing bites you. The white ugly thing freezes you!!
* * * LOW HITPOINT WARNING * * *
You feel much better.
The white ugly thing bites you but does no damage.
You barely miss the white ugly thing.
The white ugly thing is heavily wounded.
You block the white ugly thing's attack.
You slash the white ugly thing!
The white ugly thing is heavily wounded.
The white ugly thing bites you. The white ugly thing freezes you!
* * * LOW HITPOINT WARNING * * *
You feel much better.
You block the white ugly thing's attack.
You slash the white ugly thing!
The white ugly thing is severely wounded.
The white ugly thing bites you. The white ugly thing freezes you!!
Ouch! That really hurt!
* * * LOW HITPOINT WARNING * * *
You block the white ugly thing's attack.
Your magical essence is drained by the effort!
You feel much better.
The white ugly thing bites you but does no damage.
You barely miss the white ugly thing.
The white ugly thing is severely wounded.
The white ugly thing misses you.
Your shield prevents you from hitting the white ugly thing.
The white ugly thing is severely wounded.
The white ugly thing bites you. The white ugly thing freezes you!!
* * * LOW HITPOINT WARNING * * *
You feel much better.
The white ugly thing bites you but does no damage.
You slash the white ugly thing!
The white ugly thing is almost dead.
The white ugly thing bites you! The white ugly thing freezes you!
* * * LOW HITPOINT WARNING * * *
You feel much better.
You block the white ugly thing's attack.
You barely miss the white ugly thing.
The white ugly thing is almost dead.
The white ugly thing bites you! The white ugly thing freezes you!!
* * * LOW HITPOINT WARNING * * *
You block the white ugly thing's attack.
You fail to use your ability.
You block the white ugly thing's attack.
You feel much better. The white ugly thing bites you.
The white ugly thing freezes you!!
* * * LOW HITPOINT WARNING * * *
You fail to use your ability.
The white ugly thing bites you!
You die...

* ░., ░.░........░
░░..... ....░.░.....░.░░
....... ....░.......░.░
*.≡.≡....._...░░..░.░░.░
.._..............░.░░.░
░...........░░░.░..░░.░░░
░<....*░░.....░░░.......
░░.....░░░.░░░░.░.░░░░░
░.....Zu@..░ ░░.░░
░......░░░.░ ░.░
░......░░░.░░░░░.░
░.░░.░...........░ ░
░.░..░..░░░░░░░ *░
░░..░.. , * ░..░.░ * *
....░.░ * * *░░░░,░.░ * *


You could see a white ugly thing and a howler monkey skeleton.

Vanquished Creatures
  Purgy (Sewer)
  An ice beast (D:5)
  An ogre (D:4)
  2 bullfrogs (D:5)
  A scorpion (D:4)
  2 howler monkeys
  2 hounds
  An orc wizard (D:4)
  2 adders
  A river rat (D:4)
  An ooze (D:2)
  2 worms
  A dart slug (D:3)
  3 leopard geckos
  4 orcs
  4 giant cockroaches
  7 goblins
  6 hobgoblins
  4 jackals (D:4)
  A quokka (D:3)
  3 ball pythons
  4 bats
  3 frilled lizards
  7 kobolds
  5 rats
69 creatures vanquished.

Notes
Turn   | Place    | Note
-------+----------+-------------------------------------------
     0 | D:1      | vt the Deep Dwarf Fighter began the quest for the Orb.
     0 | D:1      | Reached XP level 1. HP: 20/20 MP: 1/1
   171 | D:2      | Reached skill level 1 in Dodging
   171 | D:2      | Reached XP level 2. HP: 27/27 MP: 2/2
   418 | D:1      | Reached XP level 3. HP: 30/33 MP: 3/3
   448 | D:2      | Reached skill level 3 in Axes
   660 | D:3      | Reached skill level 4 in Armour
   674 | D:3      | Reached skill level 2 in Dodging
  1230 | D:4      | Reached XP level 4. HP: 35/40 MP: 4/4
  1261 | D:4      | Found a glowing drain.
  1298 | Sewer    | Entered a sewer
  1428 | Sewer    | Noticed Purgy
  1451 | Sewer    | Killed Purgy
  1451 | Sewer    | Reached skill level 4 in Axes
  1451 | Sewer    | Reached skill level 3 in Dodging
  1451 | Sewer    | Reached XP level 5. HP: 33/46 MP: 5/5
  1490 | D:4      | Found a staircase to the Ecumenical Temple.
  1498 | Temple   | Entered the Ecumenical Temple
  1540 | Temple   | Became a worshipper of Makhleb the Destroyer
  1575 | D:4      | Found an opulent altar of Gozag.
  1575 | D:4      | Found an ornate altar of the Wu Jian Council.
  1575 | D:4      | Found a radiant altar of Vehumet.
  1576 | D:4      | Found a hazy altar of Hepliaklqana.
  1577 | D:4      | Found a blossoming altar of Fedhas.
  1578 | D:4      | Found a sparkling altar of Nemelex Xobeh.
  1581 | D:4      | Noticed an ogre
  1586 | D:4      | Reached skill level 5 in Armour
  1595 | D:4      | Reached XP level 6. HP: 33/55 MP: 6/6
  1598 | D:4      | HP: 12/55 [ogre/+0 giant club (13)]
  1603 | D:4      | Found a bloodstained altar of Trog.
  1618 | D:5      | Entered Level 5 of the Dungeon
  1641 | D:5      | Noticed an ice beast
  1642 | D:5      | Found a snail-covered altar of Cheibriados.
  1642 | D:5      | Found a transporter.
  1648 | D:5      | Found a transporter.
  1694 | D:5      | Reached skill level 4 in Dodging
  1749 | D:5      | Killed an ice beast
  1753 | D:5      | Reached skill level 5 in Axes
  1753 | D:5      | Reached XP level 7. HP: 21/61 MP: 6/6
  1818 | D:5      | Reached skill level 6 in Armour
  1896 | D:5      | Found an ancient bone altar of Kikubaaqudgha.
  1913 | D:5      | Found a hide-covered altar of Uskayaw.
  1913 | D:5      | Noticed a white ugly thing
  1920 | D:5      | HP: 10/61 [white ugly thing (31)]
  1928 | D:5      | HP: 10/61 [white ugly thing (32)]
  1949 | D:5      | HP: 10/61 [white ugly thing (29)]
  1955 | D:5      | HP: 10/61 [white ugly thing (27)]
  1956 | D:5      | Slain by a white ugly thing

Illustrated notes

Levels and vault maps discovered:
D:1:      minmay_arrival_four_loops, layout_loops_ring
D:2:      layout_basic, chequers_ecumenical_altar_simple, serial_corexii_hall,
          corexii_hall_statues_s, chequers_hall_statues_corner_a, uniq_jessica
D:3:      layout_basic, saegor_snake_ambush
D:4:      layout_loops_ring, kennysheep_little_box, grunt_temple_overflow_open,
          minmay_temple_entry_butterflies, portal_sewer_entry_a,
          nemelex_lonely_heart_becter, uniq_menkaure, uniq_grinder
D:5:      layout_loops_ring, gammafunk_temple_overflow_arena, basic_altar,
          hangedman_feature_mirror, palyth_stone_intersect
Temple:   cyrus_circular_temple

Skill      XL: |  1  2  3  4  5  6  7 |
---------------+----------------------+-----
Dodging        | 1 2 3 4 |  4.9
Axes           | 3 4 5 |  5.5
Armour         | 4 5 6 |  6.1
Fighting       | |  2.6
Shields        | |  3.2

Action                   |  1- 3 |  4- 6 |  7- 9 || total
-------------------------+-------+-------+-------++-------
Melee: War axe           |    93 |   102 |    44 ||   239
 Abil: Heal Wounds       |     1 |     3 |    16 ||    20
  Use: Potion            |       |       |     1 ||     1
Armor: Scale mail        |    32 |    66 |    23 ||   121
Dodge: Dodged            |    28 |    54 |    11 ||    93
Block: Kite shield       |    42 |    81 |    23 ||   146

Table legend: (Time is in decaauts)
 A = Elapsed time spent in this place.
 B = Non-inter-level travel time spent in this place.
 C = Inter-level travel time spent in this place.
 D = Time resting spent in this place.
 E = Time spent auto-exploring this place.
 F = Levels seen in this place.
 G = Mean time per level.
                   A        B        C        D        E       F      G
               +--------+--------+--------+--------+--------+-----+--------+
         Total |   2073 |   1925 |    148 |      0 |   1236 |   7 |  296.1 |
       Dungeon |   1823 |   1689 |    134 |      0 |   1108 |   5 |  364.6 |
        Temple |     57 |     43 |     14 |      0 |     39 |   1 |   57.0 |
         Sewer |    191 |    191 |      0 |      0 |     89 |   1 |  191.0 |
               +--------+--------+--------+--------+--------+-----+--------+

Top non-repeatable levels by time:
     D:3: 774 daAuts
     D:2: 338 daAuts
     D:5: 330 daAuts
     D:4: 227 daAuts
   Sewer: 191 daAuts
     D:1: 153 daAuts
  Temple: 57 daAuts

Table legend:
 A = Kills in this place as a percentage of kills in entire the game.
 B = Kills by you in this place as a percentage of kills by you in the entire game.
 C = Kills by friends in this place as a percentage of kills by friends in the entire game.
 D = Other kills in this place as a percentage of other kills in the entire game.
 E = Experience gained in this place as a percentage of experience gained in the entire game.
 F = Experience gained in this place divided by the number of levels of this place that you have seen.
                   A       B       C       D       E      F
               +-------+-------+-------+-------+-------+----------------------
         Total | 100.0 | 100.0 |   N/A |   N/A | 100.0 | 145.4
       Dungeon |  91.3 |  91.3 |   N/A |   N/A |  86.1 | 175.4
         Sewer |   8.7 |   8.7 |   N/A |   N/A |  13.9 | 141.0
               +-------+-------+-------+-------+-------+----------------------
